 Dungeon Crawl Stone Soup version 0.22-a0-858-g985ef60 (webtiles) character file.

87 tatocazan the Chopper (level 4, -5/39 HPs)
             Began as a Minotaur Berserker on July 27, 2018.
             Was a Believer of Trog.
             Slain by a gnoll
             ... wielding a +0 flail
              (7 damage)
             ... on level 2 of the Dungeon.
             The game lasted 00:02:53 (1383 turns).

tatocazan the Chopper (Minotaur Berserker)          Turns: 1383, Time: 00:02:54

Health: -5/39      AC:  2    Str: 22    XL:     4   Next: 28%
Magic:  3/3        EV: 12    Int:  4    God:    Trog [**....]
Gold:   110        SH:  0    Dex: 10    Spells: 3/3 levels left

rFire    . . .     SeeInvis .   a - +0 hand axe
rCold    . . .     Gourm    .   (no shield)
rNeg     . . .     Faith    .   b - +0 animal skin
rPois    .         Spirit   .   (helmet restricted)
rElec    .         Reflect  .   (no cloak)
rCorr    .         Harm     .   (no gloves)
MR       .....                  (no boots)
Stlth    +.........             (no amulet)
HPRegen  0.13/turn              (no ring)
MPRegen  0.08/turn              (no ring)

@: no status effects
A: retaliatory headbutt, horns 2
a: Berserk, Trog's Hand, Renounce Religion


You were on level 2 of the Dungeon.
You worshipped Trog.
Trog was pleased with you.
You were hungry.

You visited 1 branch of the dungeon, and saw 2 of its levels.

You collected 110 gold pieces.

Inventory:

Hand Weapons
 a - a +0 hand axe (weapon)
Armour
 b - a +0 animal skin (worn)
Scrolls
 f - a scroll of remove curse {unknown}
 h - 2 scrolls of identify {unknown}
 j - a scroll of teleportation {unknown}
 k - a scroll of immolation {unknown}
Potions
 e - a potion of haste {unknown}
 g - 2 potions of berserk rage {unknown}
 i - a potion of might {unknown}
 l - 2 potions of curing {unknown}
Comestibles
 c - 4 rations


   Skills:
 - Level 3.6 Fighting
 + Level 6.2 Axes
 - Level 2.4 Armour
 - Level 2.1 Dodging


You had 3 spell levels left.
You didn't know any spells.
Your spell library was empty.

Dungeon Overview and Level Annotations

Branches:
Dungeon (2/15)

Altars:


Innate Abilities, Weirdness & Mutations

You reflexively headbutt those who attack you in melee.
You have a pair of horns on your head.


Message History

You barely miss the gnoll.
You kill the gnoll!
Trog accepts your kill.
You barely miss the gnoll.
You headbutt the gnoll, but do no damage.
The gnoll misses you.
You barely miss the gnoll. Your headbutt misses the gnoll.
You closely miss the gnoll. The gnoll hits you with a flail!
You hit the gnoll.
You headbutt the gnoll, but do no damage.
The gnoll is moderately wounded.
The gnoll closely misses you.
You barely miss the gnoll. Your headbutt misses the gnoll.
The gnoll is moderately wounded.
The gnoll hits you with a flail!
* * * LOW HITPOINT WARNING * * *
You closely miss the gnoll. Your headbutt misses the gnoll.
The gnoll is moderately wounded.
The gnoll hits you with a flail!
You die...

### #. #.# ..#
#. #.# #.#
#..#.# #)#
#####
#..#.###.#
#....
#....g@..#
#.###
##.#.##..###.#
#.#
#...).........
#.#
###.†#>.#####.
#.# #..#..#
#.# #.#
#..#..# #.#
#.###
#####..#..##
#.####....
............#
#.#.......
...###..#...#
#.#.#.###.


You could see a gnoll.

Vanquished Creatures
  3 adders (D:2)
  2 gnolls (D:2)
  2 worms
  3 leopard geckos
  8 goblins
  5 hobgoblins
  A bat (D:2)
  A frilled lizard (D:2)
  3 kobolds
  6 rats
34 creatures vanquished.

Notes
Turn   | Place    | Note
-------+----------+-------------------------------------------
     0 | D:1      | tatocazan the Minotaur Berserker began the quest for the Orb.
     0 | D:1      | Reached XP level 1. HP: 19/19 MP: 0/0
    73 | D:1      | Reached skill level 4 in Axes
   449 | D:1      | Reached XP level 2. HP: 26/26 MP: 1/1
   845 | D:2      | Reached skill level 5 in Axes
   849 | D:2      | Reached XP level 3. HP: 31/31 MP: 2/2
   879 | D:2      | Reached ** piety under Trog
  1318 | D:2      | Reached skill level 6 in Axes
  1318 | D:2      | Reached XP level 4. HP: 28/39 MP: 3/3
  1383 | D:2      | Slain by a gnoll

Vault maps used:
D:1:      mrwooster_arrival_statue_2, corexii_item_surrounded_by_moat
D:2:      nicolae_overflow_crystal_walls, marbit_many_paths

Skill      XL: |  1  2  3 |
---------------+----------+-----
Axes           | 4 5 6 |  6.2
Fighting       | |  3.6
Armour         | |  2.4
Dodging        | |  2.1

Action                   |  1- 3 |  4- 6 || total
-------------------------+-------+-------++-------
Melee: Hand axe          |    73 |     9 ||    82
       Headbutt          |    10 |     4 ||    14
Invok: Trog's Hand       |     1 |       ||     1
  Eat: Chunk             |     1 |       ||     1
Armor: Animal skin       |     8 |       ||     8
Dodge: Dodged            |    46 |     6 ||    52

Table legend:
 A = Spawn XP
 B = Non-spawn XP
 C = Spawn XP percentage of total XP
 D = Spawn monster count
 E = Non-spawn monster count
 F = Spawn count percentage of total count
 G = Total turns spent on level
                    A         B        C        D         E        F      G
               +---------+---------+-------+---------+---------+-------+---------
         Total |       0 |     125 |   0.0 |       0 |      34 |   0.0 |  1383
               +---------+---------+-------+---------+---------+-------+---------
           D:1 |       0 |      25 |   0.0 |       0 |      14 |   0.0 |  1102
           D:2 |       0 |     100 |   0.0 |       0 |      20 |   0.0 |   281
               +---------+---------+-------+---------+---------+-------+---------
